 Dungeon Crawl Stone Soup version 0.26.0-10-g1f06aea511 (webtiles) character file.

Game seed: 4496171452368709668

1824 theswoord the Grappler (level 8, -1/67 HPs)
             Began as a Troll Monk on Jan 15, 2021.
             Killed from afar by a wretched star (17 damage)
             ... with a lance of force
             ... on level 1 of the Abyss.
             The game lasted 00:08:18 (4786 turns).

theswoord the Grappler (Troll Monk)                 Turns: 4786, Time: 00:08:19

Health: -1/67      AC:  7    Str: 20    XL:     8   Next: 86%
Magic:  7/7        EV: 10    Int:  6    God:
Gold:   223        SH:  0    Dex: 10    Spells: 7/7 levels left

rFire    . . .     SeeInvis .     - Unarmed
rCold    . . .     Faith    .   (no shield)
rNeg     . . .     Spirit   .   a - +1 robe
rPois    .         Reflect  .   (helmet restricted)
rElec    .         Harm     .   f - scarf {+Inv}
rCorr    +         Rampage  .   (gloves unavailable)
Will     .....     Rnd*Rage +   (boots unavailable)
Stlth    +.........             (no amulet)
HPRegen  0.61/turn              k - ring of resist corrosion
MPRegen  0.10/turn              (no ring)

@: no status effects
A: large, unfitting armour, claws 3, [berserk 2], [clumsy 2], [frail 2],
regeneration 1, shaggy fur 1, tough skin 3
a: Evoke Invisibility


You were on level 1 of the Abyss.
You visited 1 branch of the dungeon, and saw 6 of its levels.
You visited the Abyss 1 time.
You also visited: Sewer.

You collected 303 gold pieces.
You spent 80 gold pieces at shops.

Inventory:

Hand Weapons
 d - a +1 whip of flaming
 m - a +4 quarterstaff of chaos
Armour
 a - a +1 robe (worn)
 f - a scarf of invisibility (worn)
 l - a +0 cloak
Jewellery
 k - a ring of resist corrosion (left claw)
Scrolls
 b - 2 scrolls of teleportation
 e - 2 scrolls of fog
 g - a scroll of identify
 i - a scroll of fear
 n - 3 scrolls of remove curse
 p - a scroll of magic mapping
 r - 4 scrolls of amnesia
Potions
 c - 2 potions of curing
 j - a potion of degeneration
 s - a potion of lignification
 u - a potion of brilliance
 v - a potion of flight {unknown}
 w - a potion of heal wounds {unknown}


   Skills:
 * Level 6.6 Fighting
 + Level 3.6 Armour
 - Level 2.4 Dodging
 - Level 1.0 Stealth
 * Level 8.1 Unarmed Combat


You had 7 spell levels left.
You didn't know any spells.
Your spell library was empty.

Dungeon Overview and Level Annotations

Branches:
Dungeon (6/15)              Sewer (visited)
 Temple: D:4-7

Altars:
Makhleb
Vehumet

Shops:
D:4 }?[:   D:5 [

Annotations:
D:6 Sigmund


Innate Abilities, Weirdness & Mutations

You are too large for most types of armour.
You have claws for hands.
Your natural rate of healing is unusually fast.
You are covered in fur. (AC +1)
You have extremely tough skin. (AC +3)
[You often lose your temper in combat.]
[You are very clumsy. (Dex -4)]
[You are very frail. (-20% HP)]


Message History

You claw the wretched star!
The wretched star is heavily damaged.
Unknown command.
You barely miss the wretched star.
The wretched star is heavily damaged.
You feel a little less agile now.
The wretched star pulses with an eldritch light!
You feel clumsy. x2
You barely miss the wretched star.
The wretched star is heavily damaged.
The wretched star glows turbulently.
The lance of force hits you!!
* * * LOW HITPOINT WARNING * * *
You are knocked back by the lance of force.
You slam into the rock wall!
* * * LOW HITPOINT WARNING * * *
Unknown command.
The wretched star glows turbulently.
The lance of force hits you!
You die...

.... # .. ∩
# . .. . .
.. #.####. #
.####..##.
.#.
.......##.##
.... # . #
... .#... .
#...#.#..#
..
..#..####...
#.
#.@......#
##
#.#*#.####.
......##
##.##... #.
#.### #. #.#
#.# ###


You could see a wretched star.

Vanquished Creatures
  A chaos spawn (Abyss:1)
  2 orc warriors
  A sky beast (D:4)
  3 ice beasts (D:5)
  3 phantoms
  An ogre (D:5)
  2 scorpions
  A centaur zombie (D:6)
  A crimson imp (D:3)
  A centaur skeleton (D:5)
  2 hounds
  An orc priest (D:5)
  Crazy Yiuf (D:2)
  3 orc wizards
  2 iguanas (D:5)
  5 worker ants
  2 worker ant zombies
  4 gnolls (D:5)
  3 adders (D:2)
  An ooze (D:1)
  2 adder skeletons (D:5)
  3 worms
  A dart slug (D:2)
  5 leopard geckos
  9 orcs
  6 ball pythons
  8 giant cockroaches
  8 goblins
  9 hobgoblins
  13 jackals
  3 quokkas
  7 bats
  10 frilled lizards
  A jackal zombie (D:6)
  17 kobolds
  A leopard gecko skeleton (D:4)
  8 rats
151 creatures vanquished.

Vanquished Creatures (others)
  7 plants (Sewer)
7 creatures vanquished.

Grand Total: 158 creatures vanquished

Notes
Turn   | Place    | Note
-------+----------+-------------------------------------------
     0 | D:1      | theswoord the Troll Monk began the quest for the Orb.
     0 | D:1      | Reached XP level 1. HP: 22/22 MP: 0/0
    44 | D:1      | Reached XP level 2. HP: 29/29 MP: 1/1
   319 | D:1      | Reached XP level 3. HP: 37/37 MP: 2/2
   907 | D:2      | Reached skill level 4 in Unarmed Combat
   918 | D:2      | Reached XP level 4. HP: 27/45 MP: 3/3
  1280 | D:2      | Found a runed translucent door.
  1281 | D:2      | Noticed Crazy Yiuf
  1289 | D:2      | Killed Crazy Yiuf
  1443 | D:3      | Reached XP level 5. HP: 54/54 MP: 4/4
  1709 | D:3      | Found a radiant altar of Vehumet.
  1710 | D:3      | Found a burning altar of Makhleb.
  1819 | D:4      | Found a glowing drain.
  1836 | Sewer    | Entered a sewer
  2451 | D:4      | Noticed a sky beast
  2452 | D:4      | Found Tiesius's Assorted Antiques.
  2458 | D:4      | Killed a sky beast
  2459 | D:4      | Reached skill level 1 in Armour
  2459 | D:4      | Reached skill level 5 in Unarmed Combat
  2459 | D:4      | Reached XP level 6. HP: 55/62 MP: 5/5
  2624 | D:4      | Found Apruzafo's Book Emporium.
  2636 | D:4      | Found Jeocwiac's Armour Boutique.
  2684 | D:4      | Found Cewoxesh's Magic Scroll Boutique.
  2702 | D:4      | Bought a scroll of identify for 20 gold pieces
  2702 | D:4      | Bought a scroll of identify for 20 gold pieces
  2702 | D:4      | Bought a scroll of identify for 20 gold pieces
  2702 | D:4      | Bought a scroll of identify for 20 gold pieces
  2804 | D:4      | Noticed an orc warrior
  2811 | D:4      | Killed an orc warrior
  2938 | D:4      | Found Zaxuge Miargh's Gadget Boutique.
  2949 | D:4      | Reached XP level 7. HP: 71/71 MP: 6/6
  3039 | D:4      | Found a burning altar of Makhleb.
  3046 | D:4      | Reached skill level 6 in Unarmed Combat
  3189 | D:5      | Entered Level 5 of the Dungeon
  3197 | D:5      | Reached skill level 5 in Fighting
  3714 | D:5      | Reached XP level 8. HP: 68/81 MP: 7/7
  3818 | D:5      | Reached skill level 7 in Unarmed Combat
  3925 | D:5      | Found Qoothrego's Armour Emporium.
  4695 | D:6      | Noticed Sigmund
  4702 | D:6      | Cast into level 1 of the Abyss (Sigmund)
  4747 | Abyss:1  | Reached skill level 8 in Unarmed Combat
  4759 | Abyss:1  | Noticed a wretched star
  4786 | Abyss:1  | Killed from afar by a wretched star

Skill      XL: |  1  2  3  4  5  6  7  8 |
---------------+-------------------------+-----
Fighting       | 3 4 5 6 |  6.6
Unarmed Combat | 4 5 6 8 |  8.1
Armour         | 1 2 3 |  3.6
Dodging        | |  2.4
Stealth        | |  1.0

Action                   |  1- 3 |  4- 6 |  7- 9 || total
-------------------------+-------+-------+-------++-------
Melee: Unarmed           |   113 |   178 |   187 ||   478
       Punch             |     1 |       |     6 ||     7
  Use: Scroll            |       |    11 |     5 ||    16
       Potion            |       |       |     3 ||     3
 Stab: Sleeping          |     3 |     3 |     2 ||     8
Armor: Robe              |    46 |    65 |    39 ||   150
Dodge: Dodged            |    66 |   105 |    71 ||   242

Levels and vault maps discovered:
D:1:      elethiomel_arrival_maze, layout_loops_ring,
          chequers_serial_rivers_small_b, serial_park_tiny_2,
          kennysheep_decorative_pillar, minmay_misc_feat_chi, bh_walls_and_bars
D:2:      layout_rooms, st_stairs_8, chequers_serial_rivers_small_3,
          uniq_crazy_yiuf_cottage
D:3:      layout_rooms, grunt_temple_overflow_lords_of_destruction,
          skrybe_limestone_x
D:4:      layout_loops_ring, serial_shops, nicolae_shop_stone, shop, shop,
          nicolae_shop_waterfront, nicolae_shop_statue_plus,
          cheibrodos_sewer_entry_sluice, makhleb_heckhound_becter
D:5:      layout_loops_corners, serial_shops, shop_statue
D:6:      layout_loops_corners, gammafunk_temple_overflow_pools,
          uniq_prince_ribbit1, uniq_sigmund
Abyss:1:  base: D:4, hangedman_abyss_or_decor_lesser_grid
